TOP OF THE 1ST |
St Charles Sheens batting - Pitching for Pocatello Boccabellas : LHP Martin Lowry
|
Pitching: LHP Martin Lowry
|
|
Batting: LHB Juan Jose Rojas
|
0-0: Ball 1-0: Foul Ball, location: 2F 1-1: SINGLE (Line Drive, 8RS)
|
Batting: RHB Lorenzo González
|
0-0: Ball 1-0: Foul Ball, location: 2F 1-1: Swinging Strike 1-2: Foul Ball, location: 2F 1-2: Fly out, F9 (Flyball, 9LM)
|
Batting: RHB Judson Backstrom
|
0-0: Grounds into double play, 1-6-3 (Groundball, 15)
|
Top of the 1st over - 0 run(s), 1 hit(s), 0 error(s), 0 left on base; St Charles 0 - Pocatello 0 |
BOTTOM OF THE 1ST |
Pocatello Boccabellas batting - Pitching for St Charles Sheens : RHP Toshikasu Kiyomizu
|
Pitching: RHP Toshikasu Kiyomizu
|
|
Batting: RHB José García
|
0-0: Ball 1-0: Ball 2-0: SINGLE (Groundball, 23) (infield hit)
|
Pinch Runner at 1st Juan Viera:
|
|
Batting: LHB Norberto Muńóz
|
0-0: Ball 1-0: Swinging Strike 1-1: Foul Ball, location: 2F 1-2: Fly out, F7 (Flyball, 78S)
|
Batting: RHB Marlon Phipps
|
0-0: Ball 1-0: Called Strike Juan Viera is caught stealing 2nd base 1-1: Foul Ball, location: 2F 1-2: Ball 2-2: Foul Ball, location: 2F 2-2: Strikes out looking
|
Bottom of the 1st over - 0 run(s), 1 hit(s), 0 error(s), 0 left on base; St Charles 0 - Pocatello 0 |
TOP OF THE 2ND |
St Charles Sheens batting - Pitching for Pocatello Boccabellas : LHP Martin Lowry
|
Now in LF: Juan Viera
|
|
Batting: LHB Marcos Cantú
|
0-0: Called Strike 0-1: Ball 1-1: Ball 2-1: Foul Ball, location: 2F 2-2: Foul Ball, location: 2F 2-2: Ball 3-2: SINGLE (Groundball, 56D)
|
Batting: RHB Salvador Medine
|
0-0: Ball 1-0: Called Strike 1-1: DOUBLE (Line Drive, 9LM) Marcos Cantú to third
|
Batting: SHB Richard Bowman
|
0-0: Foul Ball, location: 2F 0-1: Ground out 6-3 (Groundball, 6) Marcos Cantú scores Salvador Medine to third
|
Batting: RHB Jesús Hernández
|
0-0: Fly out, F5 (Line Drive, 56)
|
Batting: LHB Larry Howard
|
0-0: Ball 1-0: Fly out, F6 (Popup, 5)
|
Top of the 2nd over - 1 run(s), 2 hit(s), 0 error(s), 1 left on base; St Charles 1 - Pocatello 0 |
BOTTOM OF THE 2ND |
Pocatello Boccabellas batting - Pitching for St Charles Sheens : RHP Toshikasu Kiyomizu
|
Batting: LHB Juan Cortés
|
0-0: Ball 1-0: Swinging Strike 1-1: Ball 2-1: Ground out 3-1 (Groundball, 34S)
|
Batting: RHB Francisco Sandoval
|
0-0: Ball 1-0: Ball 2-0: Called Strike 2-1: Swinging Strike 2-2: Strikes out looking
|
Batting: RHB Sugita Ito
|
0-0: SINGLE (Groundball, 6)
|
Batting: RHB José Delgado
|
0-0: Ball 1-0: Ball 2-0: Ball 3-0: Base on Balls Sugita Ito to second
|
Batting: LHB Jim Jensen
|
0-0: Called Strike 0-1: Ground out 4-3 (Groundball, 4)
|
Bottom of the 2nd over - 0 run(s), 1 hit(s), 0 error(s), 2 left on base; St Charles 1 - Pocatello 0 |
TOP OF THE 3RD |
St Charles Sheens batting - Pitching for Pocatello Boccabellas : LHP Martin Lowry
|
Batting: RHB Víctor Arredondo
|
0-0: Called Strike 0-1: Fly out, F9 (Flyball, 9LS)
|
Batting: LHB Juan Jose Rojas
|
0-0: Called Strike 0-1: Ball 1-1: SINGLE (Line Drive, 9LS)
|
Batting: RHB Lorenzo González
|
0-0: Foul Ball, location: 2F 0-1: Ball 1-1: Swinging Strike 1-2: Foul Ball, location: 2F 1-2: Grounds into double play, 5-4-3 (Groundball, 56)
|
Top of the 3rd over - 0 run(s), 1 hit(s), 0 error(s), 0 left on base; St Charles 1 - Pocatello 0 |
BOTTOM OF THE 3RD |
Pocatello Boccabellas batting - Pitching for St Charles Sheens : RHP Toshikasu Kiyomizu
|
Batting: SHB Nick Cox
|
0-0: Called Strike 0-1: Swinging Strike 0-2: Strikes out swinging
|
Batting: LHB Juan Viera
|
0-0: Ball 1-0: Ball 2-0: Foul Ball, location: 2F 2-1: Fly out, F9 (Flyball, 89M)
|
Batting: LHB Norberto Muńóz
|
0-0: Foul Ball, location: 2F 0-1: Foul Ball, location: 2F 0-2: Foul Ball, location: 2F 0-2: Ball 1-2: Ball 2-2: SINGLE (Line Drive, 56)
|
Batting: RHB Marlon Phipps
|
0-0: Ball 1-0: Ball 2-0: Foul Ball, location: 2F 2-1: Fly out, F7 (Flyball, 78S)
|
Bottom of the 3rd over - 0 run(s), 1 hit(s), 0 error(s), 1 left on base; St Charles 1 - Pocatello 0 |
TOP OF THE 4TH |
St Charles Sheens batting - Pitching for Pocatello Boccabellas : LHP Martin Lowry
|
Batting: RHB Judson Backstrom
|
0-0: Ball 1-0: Ball 2-0: Swinging Strike 2-1: Foul Ball, location: 2F 2-2: SINGLE (Groundball, 5D)
|
Batting: LHB Marcos Cantú
|
0-0: Grounds into double play, 4-6-3 (Groundball, 4)
|
Batting: RHB Salvador Medine
|
0-0: Called Strike 0-1: Ball 1-1: Ball 2-1: Called Strike 2-2: Ground out 5-3 (Groundball, 5S)
|
Top of the 4th over - 0 run(s), 1 hit(s), 0 error(s), 0 left on base; St Charles 1 - Pocatello 0 |
BOTTOM OF THE 4TH |
Pocatello Boccabellas batting - Pitching for St Charles Sheens : RHP Toshikasu Kiyomizu
|
Batting: LHB Juan Cortés
|
0-0: Ball 1-0: Ball 2-0: Foul Ball, location: 2F 2-1: Foul Ball, location: 2F 2-2: Ball 3-2: Fly out, F8 (Flyball, 8LM)
|
Batting: RHB Francisco Sandoval
|
0-0: Ball 1-0: Called Strike 1-1: Ball 2-1: Called Strike 2-2: Foul Ball, location: 2F 2-2: Ball 3-2: Ground out 6-3 (Groundball, 6)
|
Batting: RHB Sugita Ito
|
0-0: Called Strike 0-1: Ground out 5-3 (Groundball, 5)
|
Bottom of the 4th over - 0 run(s), 0 hit(s), 0 error(s), 0 left on base; St Charles 1 - Pocatello 0 |
TOP OF THE 5TH |
St Charles Sheens batting - Pitching for Pocatello Boccabellas : LHP Martin Lowry
|
Pitching: LHP Takao Uchida
|
|
Batting: SHB Richard Bowman
|
0-0: Ball 1-0: SINGLE (Groundball, 5D)
|
Batting: RHB Jesús Hernández
|
0-0: Ball 1-0: Fly out, F7 (Flyball, 7S)
|
Batting: LHB Larry Howard
|
0-0: Called Strike 0-1: SINGLE (Groundball, 34S) (infield hit) Richard Bowman to second
|
Batting: RHB Víctor Arredondo
|
0-0: Called Strike 0-1: Swinging Strike 0-2: SINGLE (Line Drive, 56D) Richard Bowman to third Larry Howard to second
|
Batting: LHB Juan Jose Rojas
|
0-0: Foul Ball, location: 2F 0-1: Ball 1-1: Ball 2-1: Grounds into double play, 6-4-3 (Groundball, 6)
|
Top of the 5th over - 0 run(s), 3 hit(s), 0 error(s), 2 left on base; St Charles 1 - Pocatello 0 |
BOTTOM OF THE 5TH |
Pocatello Boccabellas batting - Pitching for St Charles Sheens : RHP Toshikasu Kiyomizu
|
Pitching: RHP Jeff Lynn
|
|
Batting: RHB José Delgado
|
0-0: Fly out, F6 (Popup, 6M)
|
Batting: LHB Jim Jensen
|
0-0: Ball 1-0: Called Strike 1-1: SINGLE (Line Drive, 6)
|
Batting: SHB Nick Cox
|
0-0: Ball 1-0: Called Strike 1-1: Swinging Strike 1-2: Strikes out swinging
|
Batting: LHB Juan Viera
|
0-0: Ball 1-0: Foul Ball, location: 2F 1-1: Foul Ball, location: 2F 1-2: Foul Ball, location: 2F 1-2: DOUBLE (Line Drive, 9LM) Jim Jensen to third Runner from 3rd tries for Home, SAFE, no throw or cutoff
|
Batting: LHB Norberto Muńóz
|
0-0: Fly out, F5 (Popup, 5DF)
|
Bottom of the 5th over - 1 run(s), 2 hit(s), 0 error(s), 1 left on base; St Charles 1 - Pocatello 1 |
TOP OF THE 6TH |
St Charles Sheens batting - Pitching for Pocatello Boccabellas : LHP Takao Uchida
|
Batting: RHB Lorenzo González
|
0-0: Called Strike 0-1: Swinging Strike 0-2: Strikes out looking
|
Batting: RHB Judson Backstrom
|
0-0: Ball 1-0: Called Strike 1-1: Foul Ball, location: 2F 1-2: Foul Ball, location: 2F 1-2: Strikes out swinging
|
Batting: LHB Marcos Cantú
|
0-0: Called Strike 0-1: Ball 1-1: Ball 2-1: Ball 3-1: Base on Balls
|
Batting: RHB Salvador Medine
|
0-0: Ball 1-0: Fly out, F8 (Flyball, 8LM)
|
Top of the 6th over - 0 run(s), 0 hit(s), 0 error(s), 1 left on base; St Charles 1 - Pocatello 1 |
BOTTOM OF THE 6TH |
Pocatello Boccabellas batting - Pitching for St Charles Sheens : RHP Jeff Lynn
|
Batting: RHB Marlon Phipps
|
0-0: Called Strike 0-1: Ball 1-1: Ball 2-1: Foul Ball, location: 2F 2-2: Ground out 5-3 (Groundball, 5)
|
Batting: LHB Juan Cortés
|
0-0: Ball 1-0: Ball 2-0: Called Strike 2-1: Foul Ball, location: 2F 2-2: Foul Ball, location: 2F 2-2: Ball 3-2: Foul Ball, location: 2F 3-2: Foul Ball, location: 2F 3-2: Foul Ball, location: 2F 3-2: Foul Ball, location: 2F 3-2: Base on Balls
|
Batting: RHB Francisco Sandoval
|
0-0: Ball 1-0: Ball 2-0: Called Strike 2-1: Ball 3-1: Base on Balls Juan Cortés to second
|
Batting: RHB Sugita Ito
|
0-0: Ball 1-0: SINGLE (Flyball, 9LS) Juan Cortés to third Francisco Sandoval to second Runner from 3rd tries for Home, SAFE, no throw or cutoff
|
Batting: RHB José Delgado
|
0-0: SINGLE (Groundball, 4MD) Francisco Sandoval to third Sugita Ito to second
|
Batting: LHB Jim Jensen
|
0-0: Ball 1-0: Called Strike 1-1: Ball 2-1: Foul Ball, location: 2F 2-2: DOUBLE (Line Drive, 89S) Francisco Sandoval scores Sugita Ito scores José Delgado to third
|
Batting: SHB Nick Cox
|
0-0: Intentional Walk
|
Pitching: RHP Álex Villegas
|
|
Batting: LHB Juan Viera
|
0-0: Ball 1-0: Ball 2-0: Ball 3-0: Base on Balls José Delgado scores Jim Jensen to third Nick Cox to second
|
Batting: LHB Norberto Muńóz
|
0-0: Called Strike 0-1: SINGLE (Line Drive, 8LS) Jim Jensen scores Nick Cox to third Juan Viera to second Runner from 3rd tries for Home, SAFE, throw made home Juan Viera to third Norberto Muńóz to second
|
Batting: RHB Pedro Guzmán
|
0-0: Called Strike 0-1: Foul Ball, location: 2F 0-2: Foul Ball, location: 2F 0-2: DOUBLE (Line Drive, 5L) Juan Viera scores Norberto Muńóz scores
|
Pitching: RHP Ulric Duval
|
|
Pinch Hitting: RHB Jeremy Carr
|
0-0: Ground out 5-3 (Groundball, 56)
|
Pinch Hitting: RHB Luis Castillo
|
0-0: Foul Ball, location: 2F 0-1: Ball 1-1: Ball 2-1: Ball 3-1: Base on Balls
|
Pinch Hitting: RHB Tony Hernández
|
0-0: Swinging Strike 0-1: Ball 1-1: Ball 2-1: Swinging Strike 2-2: Strikes out looking
|
Bottom of the 6th over - 8 run(s), 5 hit(s), 0 error(s), 2 left on base; St Charles 1 - Pocatello 9 |
TOP OF THE 7TH |
St Charles Sheens batting - Pitching for Pocatello Boccabellas : LHP Takao Uchida
|
Pitching: LHP José Gómez
|
|
Now at 1B: Luis Castillo
|
|
Now at SS: Tony Hernández
|
|
Now in LF: Jeremy Carr
|
|
Batting: SHB Richard Bowman
|
0-0: Called Strike 0-1: Fly out, F9 (Flyball, 9M)
|
Batting: RHB Jesús Hernández
|
0-0: Ball 1-0: Foul Ball, location: 2F 1-1: Ball 2-1: Fly out, F7 (Flyball, 7S)
|
Batting: LHB Larry Howard
|
0-0: Called Strike 0-1: Called Strike 0-2: Foul Ball, location: 2F 0-2: Foul Ball, location: 2F 0-2: Fly out, F6 (Popup, 6MD)
|
Top of the 7th over - 0 run(s), 0 hit(s), 0 error(s), 0 left on base; St Charles 1 - Pocatello 9 |
BOTTOM OF THE 7TH |
Pocatello Boccabellas batting - Pitching for St Charles Sheens : RHP Ulric Duval
|
Batting: RHB José Delgado
|
0-0: Called Strike 0-1: Foul Ball, location: 2F 0-2: Ball 1-2: Ground out 4-3 (Groundball, 13)
|
Batting: LHB Jim Jensen
|
0-0: Called Strike 0-1: Foul Ball, location: 2F 0-2: Foul Ball, location: 2F 0-2: Ball 1-2: Ball 2-2: Ball 3-2: Base on Balls
|
Pitching: LHP Greg Taylor
|
|
Batting: SHB Nick Cox
|
0-0: Ball 1-0: Grounds into double play, 5-4-3 (Groundball, 5)
|
Bottom of the 7th over - 0 run(s), 0 hit(s), 0 error(s), 0 left on base; St Charles 1 - Pocatello 9 |
TOP OF THE 8TH |
St Charles Sheens batting - Pitching for Pocatello Boccabellas : LHP José Gómez
|
Batting: RHB Víctor Arredondo
|
0-0: Ball 1-0: Swinging Strike 1-1: Foul Ball, location: 2F 1-2: Foul Ball, location: 2F 1-2: Ball 2-2: Foul Ball, location: 2F 2-2: Strikes out swinging
|
Batting: LHB Juan Jose Rojas
|
0-0: Ball 1-0: Ball 2-0: SINGLE (Line Drive, 56)
|
Pinch Hitting: LHB Jeff Carter
|
0-0: SINGLE (Groundball, 4) Juan Jose Rojas to second
|
Batting: RHB Judson Backstrom
|
0-0: Called Strike 0-1: SINGLE (Groundball, 4D) Juan Jose Rojas to third Jeff Carter to second
|
Pinch Hitting: RHB Guo-xiu Choi
|
0-0: Ball 1-0: Called Strike 1-1: Foul Ball, location: 2F 1-2: SINGLE (Flyball, 9S) Juan Jose Rojas scores Jeff Carter to third Judson Backstrom to second Runner from 3rd tries for Home, throw and OUT! Judson Backstrom to third Guo-xiu Choi to second
|
Pinch Hitting: RHB Max Rash
|
0-0: Fly out, F9 (Flyball, 89M)
|
Top of the 8th over - 1 run(s), 4 hit(s), 0 error(s), 2 left on base; St Charles 2 - Pocatello 9 |
BOTTOM OF THE 8TH |
Pocatello Boccabellas batting - Pitching for St Charles Sheens : LHP Greg Taylor
|
Now at 2B: Jeff Carter
|
|
Now at 3B: Max Rash
|
|
Now in CF: Guo-xiu Choi
|
|
Pinch Hitting: SHB Glenn Vadnais
|
0-0: SINGLE (Groundball, 56D)
|
Batting: LHB Norberto Muńóz
|
0-0: Bunted foul 0-1: Ball 1-1: Ball 2-1: Sac Bunt - play at first, batter safe! Glenn Vadnais to second
|
Batting: RHB Pedro Guzmán
|
0-0: Ball 1-0: Swinging Strike 1-1: Ball 2-1: Fly out, F9 (Flyball, 89XD) Runner from 2nd tags up, SAFE at 3rd, no throw
|
Batting: RHB Jeremy Carr
|
0-0: Foul Ball, location: 2F 0-1: Ball 1-1: Fly out, F3 (Popup, 3)
|
Batting: RHB Luis Castillo
|
0-0: Called Strike 0-1: Ball 1-1: Called Strike 1-2: Foul Ball, location: 2F 1-2: Ball 2-2: Ground out 1-3 (Groundball, 25)
|
Bottom of the 8th over - 0 run(s), 2 hit(s), 0 error(s), 2 left on base; St Charles 2 - Pocatello 9 |
TOP OF THE 9TH |
St Charles Sheens batting - Pitching for Pocatello Boccabellas : LHP José Gómez
|
Now in RF: Glenn Vadnais
|
|
Pinch Hitting: RHB Dan Tyler
|
0-0: Ball 1-0: Foul Ball, location: 2F 1-1: Fly out, F9 (Flyball, 9LM)
|
Pinch Hitting: RHB Júlio Figueroa
|
Reached via error on a dropped throw, E3
|
Pinch Hitting: RHB Kel Pierce
|
0-0: Called Strike 0-1: Ground out 5-3 (Groundball, 56S) Júlio Figueroa to second
|
Pinch Hitting: LHB Gene Cooper
|
0-0: Ball 1-0: Foul Ball, location: 2F 1-1: Foul Ball, location: 2F 1-2: Foul Ball, location: 2F 1-2: Ground out 4-3 (Groundball, 4)
|
Top of the 9th over - 0 run(s), 0 hit(s), 1 error(s), 1 left on base; St Charles 2 - Pocatello 9 |
|